 Dungeon Crawl Stone Soup version 0.31-a0-426-g3a05650e59 (webtiles) character file.

Game seed: 16809631796764907398

641 floatRand the Ruffian (level 7, -6/52 HPs)
             Began as a Green Draconian Shapeshifter on July 30, 2023.
             Collided with a stone wall (14 damage)
             ... caused by a wretched star
             ... on level 1 of the Abyss.
             The game lasted 00:04:37 (3210 turns).

floatRand the Ruffian (DrSh)                        Turns: 3210, Time: 00:04:38

Health: -6/52      AC:  6    Str: 14      XL:     7   Next: 26%
Magic:  7/7        EV: 12    Int:  3 (4)  God:
Gold:   131        SH:  0    Dex:  9      Spells: 6/6 levels left

rFire   x x          .
                       - Unarmed
rCold   . . .        (no shield)
rNeg    . . .        (body armour unavailable)
rPois   +            (helmet currently unavailable)
rElec   .            (cloak currently unavailable)
rCorr   .            (gloves currently unavailable)
SInv    .            (boots currently unavailable)
Will    .....        f - amulet of regeneration
Stlth   +            (no ring)
HPRegen 1.08/turn    (no ring)
MPRegen 0.10/turn

%: no passive effects
@: mighty, short of breath, beast-form
A: beast (slay +3), breathe noxious fumes, AC +6, unfitting armour, poison
resistance, cold-blooded, [clumsy 2], [deterioration 2], [dopey 2], [weak 2],
[heat vulnerability 2]
a: Breathe Noxious Fumes, Begin Untransformation


You were on level 1 of the Abyss.
You were a hulking beast.
You visited 1 branch of the dungeon, and saw 4 of its levels.
You visited the Abyss 1 time.

You collected 271 gold pieces.
You spent 140 gold pieces at shops.

Inventory:

Missiles
 k - 3 curare-tipped darts
Armour
 t - a +0 buckler
Jewellery
 f - an amulet of regeneration (around neck)
Talismans
 b - a beast talisman (active)
 n - a maw talisman
Wands
 v - a wand of flame (12)
Scrolls
 c - a scroll of enchant armour {unknown}
 d - a scroll of revelation {unknown}
 g - 3 scrolls of teleportation
 j - 2 scrolls of vulnerability {unknown}
 l - 3 scrolls of noise
 o - a scroll of fog {unknown}
 u - a scroll of identify
Potions
 a - 2 potions of lignification
 h - a potion of brilliance
 i - a potion of mutation
 m - a potion of curing
 p - a potion of enlightenment
 q - a potion of haste {unknown}
 r - 2 potions of heal wounds {unknown}
 s - 2 potions of magic {unknown}


   Skills:
 - Level 1.1 Fighting
 - Level 1.7 Dodging
 * Level 7.1 Unarmed Combat
 + Level 4.8 Shapeshifting


You had 6 spell levels left.
You didn't know any spells.
Your spell library contained the following spells:

 Spells                   Type           Power      Damage    Failure   Level
 Magic Dart               Conj           0%         1d3       52%         1
 Searing Ray              Conj           0%         2d4       67%         2
 Fulminant Prism          Conj/Hex       0%         3d5       99%         4


Dungeon Overview and Level Annotations

Branches:
Dungeon (4/15)
 Temple: D:4-7

Altars:
Qazlal

Shops:
D:4 ?


Innate Abilities, Weirdness & Mutations

You are a hulking beast.
Your limbs bulge with bestial killing power. (Slay +3)
You can breathe blasts of noxious fumes.
Your lurid green scales are hard. (AC +6)
You cannot fit into any form of body armour.
Your system is resistant to poisons. (rPois)
You are cold-blooded and may be slowed by cold attacks.
[You are very clumsy. (Dex -4)]
[Your body often deteriorates upon taking damage.]
[You are very dopey. (Int -4)]
[You are very weak. (Str -4)]
[You are very vulnerable to heat. (rF--)]


Message History

Your body deteriorates!
You feel weakened.
The wretched star pulses with an eldritch light!
You feel weaker. x2
You punch the neqoxec!
You kill the neqoxec!
You feel your strength returning.
Your Unarmed Combat skill increases to level 7!
Unknown command.
You barely miss the wretched star. You hit the wretched star.
The wretched star is lightly damaged.
The wretched star glows turbulently.
The lance of force hits you!!
You are knocked back by the lance of force.
You slam into the stone wall!
You barely miss the wretched star.
You punch the wretched star, but do no damage.
The wretched star is lightly damaged.
You closely miss the wretched star.
Your tail-slap misses the wretched star.
The wretched star is lightly damaged.
You hit the wretched star.
The wretched star is lightly damaged.
You punch the wretched star!
The wretched star is moderately damaged.
A raiju comes into view.
The raiju barks! x2
You punch the wretched star!
The wretched star is moderately damaged.
You barely miss the wretched star.
The wretched star is moderately damaged.
You punch the wretched star!
The wretched star is heavily damaged.
The wretched star glows turbulently.
The lance of force hits you!
* * * LOW HITPOINT WARNING * * *
Your body deteriorates!
You feel dopey.
You are knocked back by the lance of force.
You slam into the stone wall!
You die...

#.#.##. # ... ...#..
.##... ## #
#...#..#. .... #..#
##.#.# ..... .
#...##§...## ....
#3.§h... ##.... #.
##.##h###.. .*. ##.#
#.##*.# #..###.#. .
#.#h.#..#.#...#.#.#.
###....##...#.## .#
##.###.#.... #....
.#. ## ...# .#. . #.
. . .. #. .. ... #.#
. . ## ..#.. # #.#
##.. . >


You could see a wretched star and 2 raiju.

Vanquished Creatures
  A neqoxec (Abyss:1)
  Duvessa (D:4)
  A scorpion (D:4)
  Dowan (D:4)
  A hound (D:4)
  Natasha (D:4)
  An orc wizard (D:4)
  6 gnolls
  5 adders
  A worm (D:4)
  4 dart slugs
  9 orcs
  6 ball pythons
  10 endoplasms
  3 giant cockroaches
  11 goblins
  13 hobgoblins
  4 jackals (D:1)
  3 quokkas
  3 bats
  3 frilled lizards
  12 kobolds
  5 rats
105 creatures vanquished.

Notes
Turn   | Place    | Note
-------+----------+-------------------------------------------
     0 | D:1      | floatRand the Draconian Shapeshifter began the quest for
                  | the Orb.
     0 | D:1      | Reached XP level 1. HP: 16/16 MP: 1/1
   185 | D:1      | Reached XP level 2. HP: 22/23 MP: 2/2
   800 | D:2      | Reached XP level 3. HP: 28/28 MP: 3/3
   894 | D:2      | Reached skill level 4 in Unarmed Combat
  1339 | D:3      | Reached XP level 4. HP: 28/35 MP: 4/4
  1642 | D:3      | Found a stormy altar of Qazlal.
  1643 | D:3      | Noticed a fire elemental
  1645 | D:3      | Noticed a water elemental
  1646 | D:3      | Noticed an earth elemental
  1646 | D:3      | Noticed an air elemental
  1969 | D:3      | Reached skill level 5 in Unarmed Combat
  1970 | D:3      | Reached XP level 5. HP: 32/40 MP: 5/5
  2578 | D:4      | Found Luufas's Magic Scroll Shop.
  2580 | D:4      | Noticed Natasha
  2587 | D:4      | Killed Natasha
  2588 | D:4      | Reached XP level 6. HP: 36/47 MP: 6/6
  2590 | D:4      | Bought a scroll of noise for 14 gold pieces
  2590 | D:4      | Bought 3 scrolls of identify for 84 gold pieces
  2590 | D:4      | Bought a scroll of teleportation for 42 gold pieces
  2751 | D:4      | Reached skill level 6 in Unarmed Combat
  3053 | D:4      | Noticed Duvessa
  3075 | D:4      | Killed Duvessa
  3077 | D:4      | Noticed Dowan
  3092 | D:4      | Killed Dowan
  3093 | D:4      | Your scales start taking on a lurid green colour.
  3093 | D:4      | Reached XP level 7. HP: 52/52 MP: 7/7
  3093 | D:4      | Gained mutation: Your system is resistant to poisons.
                  | (rPois) [Green Draconian growth]
  3147 | Abyss:1  | Cast into level 1 of the Abyss (gnoll)
  3168 | Abyss:1  | Noticed a wretched star
  3193 | Abyss:1  | Noticed a neqoxec
  3201 | Abyss:1  | Killed a neqoxec
  3202 | Abyss:1  | Reached skill level 7 in Unarmed Combat
  3208 | Abyss:1  | Noticed a raiju
  3208 | Abyss:1  | Noticed a raiju
  3210 | Abyss:1  | Collided with a stone wall

Illustrated notes

Levels and vault maps discovered:
D:1:      roderic_dead_forest, layout_loops_corners,
          chequers_serial_rivers_small_a, minmay_misc_feat_square
D:2:      layout_rooms, kennysheep_generic_room_14
D:3:      kennysheep_six_static_rooms, layout_basic,
          nicolae_qazlal_style_of_elements, kennysheep_cluttered_room
D:4:      minmay_general_purpose_star, layout_loops_cross, serial_shops, shop,
          minmay_between, uniq_duvessa, uniq_natasha
Abyss:1:  base:
D:3

Skill      XL: |  1  2  3  4  5  6  7 |
---------------+----------------------+-----
Unarmed Combat | 4 5 6 7 |  7.1
Shapeshifting  | 4 |  4.8
Fighting       | |  1.1
Dodging        | |  1.7

Action                     |  1- 3 |  4- 6 |  7- 9 || total
---------------------------+-------+-------+-------++-------
  Melee: Unarmed           |   105 |   167 |    14 ||   286
         Tailslap          |     4 |    15 |       ||    19
         Punch             |     4 |     6 |     2 ||    12
Ability: Breathe Noxious F |       |       |     2 ||     2
    Use: Scroll            |       |     5 |       ||     5
         Potion            |       |     1 |     1 ||     2
   Stab: Sleeping          |     2 |       |       ||     2
         Confused          |       |       |     1 ||     1
 Armour: Skin              |    28 |    58 |     1 ||    87
  Dodge: Dodged            |    54 |    74 |     1 ||   129

Table legend: (Time is in decaauts)
 A = Elapsed time spent in this place.
 B = Non-inter-level travel time spent in this place.
 C = Inter-level travel time spent in this place.
 D = Time resting spent in this place.
 E = Time spent auto-exploring this place.
 F = Levels seen in this place.
 G = Mean time per level.
                   A        B        C        D        E       F      G
               +--------+--------+--------+--------+--------+-----+--------+
         Total |   3187 |   3097 |     90 |     30 |   2157 |   5 |  637.4 |
       Dungeon |   3125 |   3035 |     90 |     30 |   2157 |   4 |  781.2 |
         Abyss |     61 |     61 |      0 |      0 |      0 |   1 |   61.0 |
               +--------+--------+--------+--------+--------+-----+--------+

Top non-repeatable levels by time:
     D:3: 1020 daAuts
     D:4: 808 daAuts
     D:1: 779 daAuts
     D:2: 517 daAuts
 Abyss:1: 61 daAuts
